 Dungeon Crawl Stone Soup version 0.29.0-13-gc9e81de378 (webtiles) character file.

Game seed: 14235057011162763281

329 sentinel the Chopper (level 7, -2/60 HPs)
             Began as a Meteoran Fighter on Sept 8, 2022.
             Slain by an ogre
             ... wielding a +0 giant club
              (23 damage)
             ... on level 4 of the Dungeon.
             The game lasted 00:01:38 (1640 turns).

sentinel the Chopper (Meteoran Fighter)             Turns: 1640, Time: 00:01:38

Health: -2/60      AC: 14    Str: 18    XL:     7   Next: 8%
Magic:  8/8        EV:  7    Int: 12    God:
Gold:   178        SH:  5    Dex: 13    Spells: 6/6 levels left

rFire   . . .      SeeInvis .   a - +0 war axe
rCold   + . .      Faith    .   c - +0 buckler
rNeg    . . .      Spirit   .   e - +1 chain mail {rC+}
rPois   .          Reflect  .   m - +2 helmet
rElec   .          Harm     .   (no cloak)
rCorr   .          Rampage  .   (no gloves)
Will    .....                   (no boots)
Stlth   ..........              (no amulet)
HPRegen 0.20/turn               (no ring)
MPRegen 0.11/turn               (no ring)

@: glowing
A: sense surroundings 1, otherworldly, glowing, explore regen
a: no special abilities


You were on level 4 of the Dungeon.
You visited 1 branch of the dungeon, and saw 4 of its levels.

You collected 178 gold pieces.

Inventory:

Hand Weapons
 a - a +0 war axe (weapon)
Missiles
 i - 4 silver javelins (quivered)
 o - 2 throwing nets
 q - 5 boomerangs
Armour
 b - a +0 scale mail
 c - a +0 buckler (worn)
 e - a +1 chain mail of cold resistance (worn)
 l - a +0 animal skin
 m - a +2 helmet (worn)
 s - +0 swamp dragon scales
Wands
 p - a wand of mindburst (15)
 V - a wand of flame (14)
Scrolls
 f - a scroll of poison {unknown}
 g - a scroll of brand weapon {unknown}
 h - a scroll of immolation
 k - a scroll of amnesia {unknown}
 n - a scroll of enchant weapon {unknown}
 r - a scroll of teleportation {unknown}
Potions
 d - a potion of might
 j - 2 potions of haste {unknown}


   Skills:
 + Level 4.4 Fighting
 * Level 5.5 Axes
 + Level 5.0 Armour
 + Level 4.9 Shields


You had 6 spell levels left.
You didn't know any spells.
Your spell library contained the following spells:

 Spells                   Type           Power      Damage    Failure   Level
 Ignite Poison            Fire/Tmut/Pois 0%         N/A       100%        3
 Mephitic Cloud           Conj/Pois/Air  0%         N/A       100%        3
 Freezing Cloud           Conj/Ice/Air   0%         6-21      100%        5


Dungeon Overview and Level Annotations

Branches:
Dungeon (4/15) Zot: 670
 Temple: D:4-7

Altars:
Nemelex Xobeh


Innate Abilities, Weirdness & Mutations

You passively map a small area around you.
You are easily found by Zot.
You glow in the dark.
You regain HP and MP as you explore.


Message History

You hear the rapid rusting of a very distant drain.
There is an open door here.
Things that are here:
a +0 club; a kobold skeleton You hear the drain falling apart.
There is a large open door here.
You see here 12 stones.
The walls and floor vibrate strangely for a moment.
A ball python comes into view.
The ball python hisses angrily.
But you're not safe! But you're not safe!
You completely miss the ball python. The ball python closely misses you.
The ball python grabs you. The ball python constricts you.
The ball python bites you. The ball python constricts you.
You hit the ball python.
The ball python is heavily wounded.
The ball python bites you but does no damage.
The ball python constricts you.
You slash the ball python!
You kill the ball python!
No target in view!
No target in view!
No target in view!
No target in view!
No target in view!
No target in view!
No target in view!
No target in view!
No target in view!
No target in view!
No target in view!
No target in view!
No target in view!
No target in view!
You see here a ball python corpse.
You now have 178 gold pieces (gained 10).
Found swamp dragon scales.
You see here +0 swamp dragon scales.
You open the door.
A giant cockroach, a worm and 2 quokkas come into view.
The quokka moves out of view.
There is an open door here.
But you're not safe! But you're not safe!
You enter the shallow water.
Moving in this stuff is going to be slow.
The giant cockroach waves its antennae.
The quokka bites you but does no damage.
You slash the worm!
The worm is almost dead.
You hit the quokka. You block the worm's attack.
You slash the worm!
You kill the worm!
You hit the giant cockroach. You hit the quokka.
You kill the quokka!
The giant cockroach closely misses you.
You closely miss the giant cockroach.
The giant cockroach is heavily wounded.
You hit the quokka.
The quokka bites you but does no damage.
The giant cockroach bites you but does no damage.
The quokka barely misses you.
Your unstable footing causes you to fumble your attack.
The giant cockroach barely misses you.
The quokka splashes around in the water.
You block the giant cockroach's attack.
Your unstable footing causes you to fumble your attack.
The quokka splashes around in the water.
The giant cockroach splashes around in the water.
The quokka bites you.
You slash the giant cockroach!
You kill the giant cockroach!
You barely miss the quokka.
The quokka splashes around in the water.
You barely miss the quokka.
The quokka is moderately wounded.
The quokka bites you but does no damage.
The quokka twitches its whiskers.
The quokka bites you but does no damage.
You slash the quokka!
You kill the quokka!
No target in view!
No target in view!
No target in view!
No target in view!
No target in view!
No target in view!
No target in view!
No target in view!
No target in view!
No target in view!
No target in view!
No target in view!
No target in view!
No target in view!
No target in view!
There is an open door here.
You see here +0 swamp dragon scales. s - +0 swamp dragon scales You open the door.
There is an open door here.
You enter the shallow water.
Moving in this stuff is going to be slow.
You open the large door.
There is an open door here.
There is a stone staircase leading up here.
Found a scale mail.
There is a sparkling altar of Nemelex Xobeh here.
You have lingered too long.
Zot senses you.
Dive deeper or flee this branch before you suffer!
(D) Dungeon
Where to? (Enter - D:3, ? - help)
There is a stone staircase leading down here.
You climb downwards.
As you enter the new level, Zot loses track of you.
The ogre shouts!
Found an escape hatch in the ceiling.
Found a stone staircase leading down.
There is a stone staircase leading up here.
An ogre is nearby!
But you're not safe! But you're not safe! But you're not safe!
The ogre hits you with a +0 giant club!!
Ouch! That really hurt!
You barely miss the ogre. You hit the ogre but do no damage.
The ogre hits you with a +0 giant club!
You are too injured to fight recklessly!
You are too injured to fight recklessly!
You are too injured to fight recklessly!
You are too injured to fight recklessly!
You are too injured to fight recklessly!
You are too injured to fight recklessly!
You are too injured to fight recklessly!
You are too injured to fight recklessly!
You are too injured to fight recklessly!
You are too injured to fight recklessly!
You are too injured to fight recklessly!
You are too injured to fight recklessly!
You are too injured to fight recklessly!
You are too injured to fight recklessly!
You are too injured to fight recklessly!
You completely miss the ogre. The ogre completely misses you.
You hit the ogre.
The ogre is lightly wounded.
The ogre hits you with a +0 giant club.
A quokka comes into view.
You hit the ogre.
The ogre is lightly wounded.
The ogre hits you with a +0 giant club!!
You die...

*.# ,, ,* . .#
.# ## .#.## ,
... .. ....# ,
.... #.##.#.#
.....#.#...>###
,
.......#......#
** ,
...r..<<....#,*
.......#.@O.#
.......#....# ,
.......#....# *
####...#....#,
* #...#....#*
#####....#
######


You could see an ogre and a quokka.

Vanquished Creatures
  A kobold brigand (D:3)
  Terence (D:3)
  Robin (D:2)
  9 gnolls
  3 adders (D:2)
  2 worms
  2 dart slugs
  2 endoplasms (D:1)
  A giant cockroach (D:3)
  10 goblins
  6 hobgoblins
  2 jackals (D:2)
  42 kobolds (D:3)
  5 quokkas
  3 ball pythons
  A bat (D:1)
  5 frilled lizards
  A rat (D:2)
97 creatures vanquished.

Vanquished Creatures (others)
  2 fungi (D:3)
2 creatures vanquished.

Grand Total: 99 creatures vanquished

Notes
Turn   | Place    | Note
-------+----------+-------------------------------------------
     0 | D:1      | sentinel the Meteoran Fighter began the quest for the Orb.
     0 | D:1      | Reached XP level 1. HP: 19/19 MP: 2/2
    74 | D:1      | Reached XP level 2. HP: 11/26 MP: 3/3
   137 | D:1      | Reached XP level 3. HP: 29/31 MP: 4/4
   147 | D:1      | Found a faded altar of an unknown god.
   349 | D:2      | Reached XP level 4. HP: 36/39 MP: 5/5
   527 | D:2      | Noticed Robin
   538 | D:2      | Killed Robin
   540 | D:2      | Reached XP level 5. HP: 7/46 MP: 6/6
   783 | D:3      | Noticed Terence
   785 | D:3      | Found a sparkling altar of Nemelex Xobeh.
   796 | D:3      | Killed Terence
  1057 | D:3      | Identified the +4 quarterstaff "Killer Bee's Doom" {drain,
                  | Fragile rPois rN+ MP+9}
  1102 | D:3      | Reached XP level 6. HP: 49/52 MP: 7/7
  1243 | D:3      | Reached skill level 5 in Axes
  1283 | D:3      | Reached XP level 7. HP: 45/60 MP: 8/8
  1290 | D:3      | Reached skill level 5 in Armour
  1612 | D:3      | Glimpsed the power of Zot.
  1640 | D:4      | Slain by an ogre

Illustrated notes

Levels and vault maps discovered:
D:1:      eino_arrival_water_cross, layout_basic,
          hellmonk_ecumenical_altar_blasted
D:2:      layout_basic, serial_park_tiny_1, palyth_stone_intersect, uniq_robin
D:3:      minmay_goblin_kobold_castle, layout_loops_ring,
          mainiacjoe_overflow_cross_hatched, gup_sewer_entry_bowl, uniq_terence
D:4:      layout_rooms, nicolae_elevator_lobby_asterisk, uniq_duvessa

Skill      XL: |  1  2  3  4  5  6  7 |
---------------+----------------------+-----
Axes           | 3 4 5 |  5.5
Armour         | 4 5 |  5.0
Shields        | 4 |  4.9
Fighting       | 4 |  4.4

Action                   |  1- 3 |  4- 6 |  7- 9 || total
-------------------------+-------+-------+-------++-------
Melee: War axe           |    53 |   174 |    23 ||   250
Armor: Chain mail        |    33 |   162 |     6 ||   201
Dodge: Dodged            |    13 |    47 |     5 ||    65
Block: Buckler           |    20 |    49 |     3 ||    72
